[Event "*** SCC Grand Prix: Titled Tuesday Blitz"]
[Site "Chess.com"]
[Date "2020.08.04"]
[Round "3"]
[White "1f3_2g41-0"]
[Black "BlueWizzard"]
[Result "0-1"]
[WhiteElo "2440"]
[BlackElo "2703"]
[TimeControl "180+1"]
[EndTime "14:13:50 PDT"]
[Termination "BlueWizzard won by resignation"]

1. e4 c5 2. Nf3 e6 3. d4 cxd4 4. Nxd4 Bc5 5. Nc3 Nc6 6. Be3 Qb6 7. Na4 Qa5+ 8. c3 Be7 9. b4 Nxb4 10. cxb4 Bxb4+ 11. Ke2 Nf6 12. f3 O-O 13. Kf2 d5 14. e5 Bd7 15. Nb2 Ne8 16. Nd3 Be7 17. Be2 f6 18. g3 Nc7 19. Kg2 Nb5 20. Nxb5 Bxb5 21. exf6 Bxf6 22. Rb1 a6 23. Qd2 Bc3 24. Qd1 Qxa2 25. Rf1 d4 26. Bf4 Ba4 27. Nc1 Bxd1 28. Nxa2 Bxe2 29. Rf2 Bb5 30. Nxc3 dxc3 31. Rc1 Rac8 32.
Rfc2 Rfd8 33. Rxc3 Rxc3 34. Rxc3 Bc6 35. Re3 Kf7 36.
g4 a5 37. Ra3 a4 38. Kg3 Rd1 39.
h4 Rd4 40. Be5 Rc4 41. Rd3 Bd5 42. h5 b5 43. Rd4 Rc2 44. Rf4+ Kg8 45. g5 Rc4 46.
Rxc4 Bxc4 47. Bd6 Kf7 48. Kf4 h6 49. g6+ Ke8 50. Ke5 Be2 51. Kxe6 Bxf3 52. Be5 Kf8 53. Bd6+ Kg8 54. Ke5 Bxh5 55. Kf5 Bd1 56. Kf4 Bc2 57. Kg4 Bxg6 58. Kf4 Kf7 0-1

[Event "*** SCC Grand Prix: Titled Tuesday Blitz"]
[Site "Chess.com"]
[Date "2020.08.04"]
[Round "3"]
[White "Pultis"]
[Black "Fandorine"]
[Result "0-1"]
[WhiteElo "2720"]
[BlackElo "2908"]
[TimeControl "180+1"]
[EndTime "14:13:54 PDT"]
[Termination "Fandorine won by resignation"]

1. d4 Nf6 2. c4 g6 3. Nc3 Bg7 4. e4 d6 5. Nf3 O-O 6. h3 e5 7.
d5 Nh5 8. Be3 Na6 9. Nd2 Qe8 10.
Qc2 f5 11. f3 Ng3 12. Rg1 Nxf1 13. Rxf1 Nb4 14. Qb1 a5 15. a3 Na6 16. Qc2 Bd7 17. O-O-O Qe7 18. Rde1 b6 19. f4 Nc5 20. Kb1 fxe4 21.
Ndxe4 Nxe4 22. Nxe4 Rae8 23. Bd2 exf4 24. Re2 Bf5 25.
Rfe1 Qh4 26. Ka2 f3 27. gxf3 Qxh3 28. Re3 Bxe4 29. fxe4 Rf3 30. Qa4 Ref8 31. Qc6 Qg2 32. Bc1 Rf2 33. Rb3 R2f7 34. c5 bxc5 35. Rb7 Qf2 36.
Re3 Qf1 37. Kb1 Qg1 38. Re2 Rf1 39. Rc2 R1f7 40. Rxc7 Rxc7 41. Qxc7 Be5 42. Qd7 Qh1 43. Qe6+ Kg7 44. Qd7+ Rf7 45. Qg4 h5 46. Qe2 Qf3 47.
Qc4 Qf1 48. Qa4 h4 49. Ka2 h3 50. Bg5 h2 51. Rxh2 Bxh2 52. Qb3 Be5 53. Qc2 a4 54. Qh2 Qc4+ 55. Kb1 Rf1+ 0-1

[Event "*** SCC Grand Prix: Titled Tuesday Blitz"]
[Site "Chess.com"]
[Date "2020.08.04"]
[Round "3"]
[White "Fh2411"]
[Black "xberli"]
[Result "1-0"]
[WhiteElo "2549"]
[BlackElo "2318"]
[TimeControl "180+1"]
[EndTime "14:13:54 PDT"]
[Termination "Fh2411 won on time"]

1. d4 Nf6 2. Nf3 g6 3. g3 Bg7 4. Bg2 O-O 5. O-O c6 6. b3 d6 7. Bb2 Bf5 8. c4 Qd7 9. Re1 Bh3 10. Bh1 d5 11. Ne5 Qc8 12. Nc3 dxc4 13. bxc4 Nbd7 14. Nxd7 Nxd7 15. Ne4 h6 16. Qb3 Qc7 17. Rab1 Rab8 18.
Bc3 Rfd8 19. Qa3 f5 20. Nd2 e5 21. d5 c5 22. Qxa7 e4 23. Bxg7 Kxg7 24. Qa3 b6 25. f3 Qe5 26. Qb2 e3 27. Nb3 f4 28.
gxf4 Qxb2 29. Rxb2 Bf5 30. Rc1 Ra8 31. Rc3 Re8 32.
Nc1 Ra4 33. Bg2 Kf6 34. h4 Ra5 35. Kh2 Ra4 36. Kg3 Ra5 37. Bh3 Bxh3 38. Kxh3 Kf5 39. Kg3 Nf6 40. Nd3 Ra6 41. a3 Nh5+ 42. Kh3 Nxf4+ 43. Nxf4 Kxf4 44. Rcb3 g5 45. Rxb6 Rxa3 46.
Rxh6 Rc3 47. Rbb6 Kf5 48. Rbf6+ 1-0

[Event "*** SCC Grand Prix: Titled Tuesday Blitz"]
[Site "Chess.com"]
[Date "2020.08.04"]
[Round "3"]
[White "allvim"]
[Black "binbin239"]
[Result "1-0"]
[WhiteElo "2370"]
[BlackElo "2542"]
[TimeControl "180+1"]
[EndTime "14:13:57 PDT"]
[Termination "allvim won by resignation"]

1. e4 c5 2. Nf3 Nc6 3. d4 cxd4 4. Nxd4 g6 5. Nc3 Bg7 6. Be3 Nf6 7. Bc4 Qa5 8. Nb3 Qb4 9. Bd3 Nxe4 10. Bxe4 Bxc3+ 11.
bxc3 Qxe4 12. O-O O-O 13. Re1 Qc4 14. Qd2 d6 15. Bh6 Re8 16. Qxd6 Bf5 17. Rxe7 Qxc3 18. Rxe8+ Rxe8 19. h3 Re1+ 20. Rxe1 Qxe1+ 21. Kh2 Qe5+ 22. Qxe5 Nxe5 23. c3 Bb1 24. a3 Nc4 25. Bc1 b6 26. Nd4 Kg7 27. Nc6 a5 28. Kg3 Be4 29. Nd4 Bd5 30.
f3 Ne5 31. Be3 Bc4 32. Nc2 b5 33. Bd4 f6 34. Ne3 Bd3 35. f4 Nc6 36. Bc5 Kf7 37. Kf3 Ke6 38. Ng4 Bc4 39. Ke3 Bd5 40. g3 h5 41. Nf2 g5 42. fxg5 fxg5 43. Nd3 Bg2 44. h4 Kf5 45. hxg5 Kxg5 46. Nf4 Bh1 47. Kf2 Kg4 48.
Ne6 Bd5 49. Nd4 Bc4 50. Nxc6 Kf5 51. Nd4+ Ke4 52. Nc6 Kd3 53. Nxa5 Kxc3 54. Nxc4 Kxc4 55. Bb4 Kb3 56. Kf3 Kc4 57. Kf4 Kd5 58. Kg5 Ke6 59.
Kxh5 Kf5 60. Kh6 Kf6 61. g4 Kf7 62. g5 Kg8 63. g6 Kh8 64. Bc3+ Kg8 65. g7 b4 66.
axb4 Kf7 67. Kh7 Ke6 68. g8=Q+ 1-0

[Event "*** SCC Grand Prix: Titled Tuesday Blitz"]
[Site "Chess.com"]
[Date "2020.08.04"]
[Round "3"]
[White "chenxiaoyuer"]
[Black "grzechu96"]
[Result "0-1"]
[WhiteElo "2431"]
[BlackElo "2680"]
[TimeControl "180+1"]
[EndTime "14:13:59 PDT"]
[Termination "grzechu96 won by checkmate"]

1. e4 c5 2. Nf3 d6 3. d4 cxd4 4. Nxd4 a6 5. Nc3 e6 6. a4 Nf6 7. Be2 Be7 8. O-O Nc6 9. Be3 O-O 10.
f4 Qc7 11. Kh1 Re8 12. Bf3 Rb8 13. g4 Nd7 14. g5 Nb6 15. Qe2 Nb4 16. Nd1 Nc4 17.
Bc1 e5 18. Nf5 Bxf5 19. exf5 exf4 20. c3 Bf8 21. Qg2 Nd3 22. Bd5 Nxc1 23. Rxc1 Ne5 24. Nf2 Kh8 25. Nh3 f3 26. Bxf3 Nxf3 27. Qxf3 Qc4 28.
Nf4 Qxa4 29. g6 fxg6 30. fxg6 Qe4 31. gxh7 Kxh7 32. Qxe4+ Rxe4 33. Rf3 Rbe8 34. Rcf1 Re1 35. Kg2 Rxf1 36. Kxf1 Kg8 37. Nd5 Re5 38. Ne3 Be7 39.
Kf2 Bh4+ 40. Kg2 Bg5 41. Nc4 Re2+ 42. Rf2 Rxf2+ 43. Kxf2 Bf4 44. h3 Kf7 45. Kf3 Bh2 46. Ke4 Ke6 47. Nb6 Bg3 48. Nd5 Be5 49. c4 Bxb2 50. Nf4+ Kd7 51. Kd5 a5 52. c5 a4 53.
cxd6 a3 54. Nd3 a2 55. Ne5+ Bxe5 56. Kxe5 a1=Q+ 57. Kf5 Kxd6 58. Kg6 Qf6+ 59. Kh7 Qh6+ 60. Kg8 g5 61. h4 gxh4 62. Kf7 h3 63. Kg8 h2 64.
Kf7 h1=Q 65. Kg8 Qd5# 0-1

[Event "*** SCC Grand Prix: Titled Tuesday Blitz"]
[Site "Chess.com"]
[Date "2020.08.04"]
[Round "3"]
[White "LubovMarkelova"]
[Black "RaphCamora"]
[Result "0-1"]
[WhiteElo "2228"]
[BlackElo "2427"]
[TimeControl "180+1"]
[EndTime "14:13:59 PDT"]
[Termination "RaphCamora won on time"]

1. d4 d5 2. Nf3 Nf6 3. Bf4 c5 4. e3 Nc6 5. Nbd2 e6 6. c3 Nh5 7. Bg5 f6 8. Bh4 cxd4 9. cxd4 g6 10. Rc1 Bd6 11. Bd3 Kf7 12. O-O Bd7 13. a3 Ng7 14. Bg3 Bxg3 15. hxg3 a5 16. e4 Qb6 17. Nb3 Rhd8 18. e5 fxe5 19. Nxe5+ Nxe5 20. dxe5 Kg8 21. Nc5 Qxb2 22. Re1 Qxa3 23. Nxb7 Rdc8 24. Ra1 Qc3 25.
Nd6 Rc5 26. Qf3 Rf8 27. Qe3 d4 28. Qe2 Bc6 29. Rec1 Qxc1+ 30. Rxc1 Rxc1+ 31. Kh2 a4 32. Qb2 Rc5 33. Qxd4 Rd5 34. Qc4 a3 35. Be4 Ba8 36.
Bxd5 Bxd5 37. Qa6 a2 38. f4 Nf5 39. Nb5 Ne3 40. Nc3 Ra8 41. Qxa8+ Bxa8 42. Nxa2 Bxg2 43.
Nb4 Bd5 44. Nd3 Kg7 45. Kh3 h5 46. Nc5 Ng4 47. Nd7 g5 48. fxg5 Kg6 49. Kh4 Ne3 50.
Nc5 Nf5+ 51. Kh3 Kxg5 52. Nd7 Bb3 53. Nf6 Bd1 54. Ne4+ Kg6 55. Nc5 Bg4+ 56. Kh2 Nd4 57. Nd3 Nf3+ 58. Kg2 Kf5 59. Kf2 Nxe5 0-1

[Event "*** SCC Grand Prix: Titled Tuesday Blitz"]
[Site "Chess.com"]
[Date "2020.08.04"]
[Round "3"]
[White "effefe"]
[Black "Bastiandash"]
[Result "0-1"]
[WhiteElo "2082"]
[BlackElo "2314"]
[TimeControl "180+1"]
[EndTime "14:13:59 PDT"]
[Termination "Bastiandash won by checkmate"]

1. d4 Nf6 2. c4 e6 3. Nf3 Bb4+ 4. Nbd2 d5 5. a3 Be7 6. e3 O-O 7. Bd3 a6 8. b4 dxc4 9. Bxc4 b5 10. Bd3 Bb7 11. Bb2 Nbd7 12. O-O Nb6 13. Rc1 Nfd5 14. Ne5 g6 15. Nb3 Na4 16. Ba1 Bf6 17. Nc5 Nxc5 18.
dxc5 Bxe5 19. Bxe5 Qe7 20. e4 Nf6 21. Qf3 Nh5 22.
g4 Ng7 23. Bf6 Qd7 24. Rcd1 Ne8 25. g5 Nxf6 26. gxf6 Qd4 27. Bb1 Qe5 28. Rd2 a5 29. Rfd1 axb4 30. axb4 Bc6 31. Qg3 Qxf6 32. Qxc7 Rac8 33.
Qg3 h5 34. e5 Qe7 35. Rd6 Kg7 36. Qf4 Bd5 37. Be4 Bxe4 38. Qxe4 Rc7 39. Kh1 Qg5 40.
Rg1 Qe7 41. Qf3 Ra7 42. Qxh5 Rh8 43. Qg4 Rh4 44. Qf3 Ra4 45. c6 Raxb4 46. Rd7 Qe8 47. Rgd1 Rbc4 48. Qf6+ Kh6 49. Qxh4+ Rxh4 50. c7 Qa8+ 51.
Kg1 Rg4+ 52. Kf1 Qh1+ 53. Ke2 Qe4+ 54. Kf1 Qh1+ 55. Ke2 Re4+ 56. Kd2 Qf3 57. c8=Q Re2+ 58. Kc1 Qa3+ 59. Kb1 Qb2# 0-1

[Event "*** SCC Grand Prix: Titled Tuesday Blitz"]
[Site "Chess.com"]
[Date "2020.08.04"]
[Round "3"]
[White "PauloCesarCosta_sad"]
[Black "KingCrusher275"]
[Result "0-1"]
[WhiteElo "2229"]
[BlackElo "2414"]
[TimeControl "180+1"]
[EndTime "14:14:02 PDT"]
[Termination "KingCrusher275 won on time"]

1. Nf3 d5 2. c4 e6 3. d4 Nf6 4. Bg5 Be7 5. e3 Nbd7 6. Nc3 h6 7. Bh4 O-O 8. Rc1 c5 9. cxd5 Nxd5 10. Bxe7 Nxe7 11.
dxc5 Nxc5 12. Be2 b6 13. b4 Nd7 14. O-O Bb7 15. Qd6 Nf6 16. Qe5 Nc6 17. Qf4 Qe7 18. b5 Na5 19. Rfd1 Rac8 20. Ne5 Rfd8 21. Rxd8+ Rxd8 22. Rd1 Rxd1+ 23. Nxd1 Qa3 24. Bh5 Bd5 25. Bxf7+ Kf8 26. Bg6 Qc1 27. Qb4+ Kg8 28. Bf7+ Kh7 29. Qd4 Nc4 30. Bg6+ Kg8 31. Nxc4 Qxc4 32. Qxc4 Bxc4 33.
Nc3 Nd5 34. Nxd5 exd5 35. Be8 Bxa2 36. Kf1 Kf8 37. Bc6 Ke7 38. Ke2 Kd6 39. Kd3 Kc5 40. f3 Bc4+ 41. Kc3 Bxb5 42. Bxb5 Kxb5 43. Kd4 Kc6 44. e4 dxe4 45. Kxe4 Kd6 46. f4 Ke6 47. g4 a5 48. h4 a4 49. Kd3 b5 50.
Kc3 a3 51. Kb3 b4 52. g5 hxg5 53. fxg5 Kf5 54. h5 Kxg5 55. h6 Kxh6 56. Ka2 g5 57.
Kb3 g4 58. Ka2 g3 59. Kb3 g2 60. Ka2 g1=Q 61. Kb3 Qe3+ 62. Ka2 Qd2+ 63. Kb3 Qb2+ 64. Ka4 a2 65. Kb5 a1=Q 66. Kc6 Qac1+ 67. Kd7 Qbd2+ 68. Ke8 Qce1+ 69. Kf7 Qdf2+ 0-1

[Event "*** SCC Grand Prix: Titled Tuesday Blitz"]
[Site "Chess.com"]
[Date "2020.08.04"]
[Round "3"]
[White "Slovak_fighter2000"]
[Black "wild_cat99"]
[Result "1-0"]
[WhiteElo "2448"]
[BlackElo "2669"]
[TimeControl "180+1"]
[EndTime "14:14:06 PDT"]
[Termination "Slovak_fighter2000 won on time"]

1. d4 Nf6 2. Nf3 e6 3. Bf4 d5 4. e3 Bd6 5. Bg3 O-O 6. Bd3 c5 7. c3 b6 8. Qe2 Bb7 9. Nbd2 Ne4 10. Rd1 f5 11. Bxd6 Qxd6 12. Ne5 f4 13. Nxe4 dxe4 14. Bc4 f3 15. gxf3 exf3 16. Qd3 a6 17. a4 Nc6 18. Nxc6 Qxc6 19. d5 exd5 20. Bxd5+ Qxd5 21. Qxd5+ Bxd5 22. Rxd5 b5 23. Rxc5 bxa4 24. Kd2 Rfb8 25. Kc2 Rb6 26. Ra1 Rab8 27. Ra2 Rh6 28. Rf5 Rxh2 29. Rxf3 Rf8 30.
Rxf8+ Kxf8 31. Rxa4 Rxf2+ 32. Kd3 Rxb2 33. Rxa6 h5 34. Ke4 Rg2 35. Kf3 Rg5 36. Ra8+ Kf7 37. e4 Rc5 38. Ra3 Kf6 39. Ke3 Rc6 40. Kd4 g5 41. Kd5 Re6 42. c4 g4 43. Ra8 g3 44.
Rf8+ Ke7 45. Rg8 h4 46. e5 Rh6 47. c5 h3 48. Rg7+ Kf8 49. Rxg3 h2 50. Rf3+ Ke7 51.
Rf1 h1=Q+ 52. Rxh1 Rxh1 53. c6 Rd1+ 54. Kc5 Ke6 55. Kb6 Rb1+ 56. Kc7 Kxe5 57. Kd7 Rd1+ 58. Ke7 Rc1 59. Kd7 Rd1+ 60. Ke7 1-0

[Event "*** SCC Grand Prix: Titled Tuesday Blitz"]
[Site "Chess.com"]
[Date "2020.08.04"]
[Round "3"]
[White "tptagain"]
[Black "RobertoJBM"]
[Result "0-1"]
[WhiteElo "2943"]
[BlackElo "2700"]
[TimeControl "180+1"]
[EndTime "14:14:07 PDT"]
[Termination "RobertoJBM won by resignation"]

1. Nf3 d5 2. g3 Bg4 3. Bg2 c6 4. h3 Bh5 5. d3 Nd7 6. O-O e6 7.
e4 Bd6 8. Re1 Ne7 9. Nbd2 O-O 10. d4 Rc8 11. c3 Re8 12. e5 Bc7 13. b4 a5 14. Nb3 b6 15. g4 Bg6 16. Nh4 Ra8 17. a4 c5 18. b5 c4 19. Nd2 Nf8 20.
Nf1 Bd3 21. Ng3 Neg6 22. Nxg6 Nxg6 23. f4 Nh4 24. Bf1 Bxf1 25. Rxf1 f5 26. gxf5 Nxf5 27. Nxf5 exf5 28. Kh2 Qh4 29. Qf3 Rad8 30. Rg1 Kf7 31.
Rg5 g6 32. Be3 Ke6 33. Rag1 Rg8 34. Bf2 Qh6 35. h4 Rdf8 36. h5 Bd8 37. R5g2 Rg7 38. Kh1 Rfg8 39. Rh2 g5 40. fxg5 Rxg5 41. Rxg5 Qxg5 42.
Rg2 Qxg2+ 43. Qxg2 Rxg2 44. Kxg2 Bg5 45. Be1 Bc1 46.
Kf3 Bg5 47. Ke2 f4 48. Kf3 Kf5 49. Bd2 Bh6 50. Bc1 Bg5 51. Ba3 Ke6 52. Bd6 Kd7 53. Kg4 f3 54. Kxf3 Bd2 55. Kg4 Bxc3 56. Kf5 Bxd4 57.
Ba3 Be3 58. e6+ Ke8 59. Ke5 d4 60. Bc5 bxc5 61. b6 Bg1 62. b7 Bh2+ 63. Kd5 c3 0-1

[Event "*** SCC Grand Prix: Titled Tuesday Blitz"]
[Site "Chess.com"]
[Date "2020.08.04"]
[Round "3"]
[White "Chesswizard_2007"]
[Black "PawnEatingZombie"]
[Result "1-0"]
[WhiteElo "2509"]
[BlackElo "2241"]
[TimeControl "180+1"]
[EndTime "14:14:10 PDT"]
[Termination "Chesswizard_2007 won by resignation"]

1. Nf3 d5 2. c4 e6 3. g3 dxc4 4. Bg2 a6 5. O-O Nc6 6. Qc2 e5 7. Qxc4 Be6 8. Qa4 f6 9. Nc3 Bc5 10. Rd1 Qd7 11. a3 Nge7 12. b4 Bb6 13. Bb2 O-O 14. Ne4 Rfd8 15. Rac1 Nd4 16. Qxd7 Rxd7 17. Nxd4 exd4 18. d3 c6 19. Nc5 Bxc5 20. Rxc5 Bg4 21. Kf1 Re8 22. h3 Be6 23. a4 b6 24. Rxc6 Nxc6 25.
Bxc6 Bxh3+ 26. Ke1 Red8 27. Bxd7 Rxd7 28. Rc1 Be6 29.
Rc6 Bb3 30. Rxb6 Bxa4 31. Rxa6 Bb5 32. Rb6 Ba4 33. Ra6 Bb5 34. Ra5 Bc6 35. Rc5 Bb7 36. Rc4 Kf7 37. Rxd4 Rxd4 38. Bxd4 h5 39. e4 g5 40. f4 h4 41. gxh4 gxh4 42. b5 f5 43. e5 h3 44. Bg1 Ke6 45. Kf2 Kd5 46. Kg3 Ke6 47. Kxh3 Bd5 48. b6 Kd7 49. Kh4 Ke6 50. Kg5 Bc6 51. Bc5 Bd5 52. Kh4 Bc6 53. Kg3 Bd5 54.
Kf2 Bc6 55. Ke3 Bd5 56. Kd4 Bc6 57. Kc4 Kd7 58. Kb4 Kc8 59. e6 Kd8 60. e7+ Ke8 61.
Ka5 Bb7 62. Kb5 Kd7 63. d4 Ke8 64. Kc4 Kd7 65. d5 Ke8 66. Kd4 Kd7 67. Ke5 Ke8 68.
Kd6 Ba8 69. Bb4 Bb7 70. Ba3 Ba8 71. Kc7 Bxd5 72. b7 Bxb7 73. Kxb7 Kd7 74. Kb6 1-0

[Event "*** SCC Grand Prix: Titled Tuesday Blitz"]
[Site "Chess.com"]
[Date "2020.08.04"]
[Round "3"]
[White "davigator"]
[Black "lacafi"]
[Result "1/2-1/2"]
[WhiteElo "2289"]
[BlackElo "2029"]
[TimeControl "180+1"]
[EndTime "14:14:15 PDT"]
[Termination "Game drawn - timeout vs insufficient material"]

1. e4 c6 2. Nc3 d5 3. Nf3 dxe4 4. Nxe4 Nf6 5. Qe2 Nxe4 6. Qxe4 e6 7. d4 Nd7 8. Bc4 Nf6 9. Qe2 Be7 10. Bd2 O-O 11. O-O-O b5 12. Bd3 a5 13. g4 b4 14. g5 Nd5 15. Ne5 Qb6 16. Qe4 g6 17. Ng4 a4 18.
Qe5 f6 19. gxf6 Nxf6 20. Nh6+ Kg7 21. Bc4 Qb8 22. Qe2 Nd5 23. Bxd5 cxd5 24. Ng4 b3 25. cxb3 axb3 26. a3 Qc7+ 27. Bc3 Bxa3 28. Qe5+ Qxe5 29. dxe5 Bc5 30. Rdf1 Ba6 31. Rd1 Be2 32. Nf6 Bxd1 33. Rxd1 Ra1+ 34. Kd2 Rxd1+ 35. Kxd1 Bxf2 36. Ke2 Bc5 37. Kd3 Be7 38. Nd7 Rf2 39. h4 Rh2 40. Bd4 Rxh4 41.
Kc3 h5 42. Bf2 Rh3+ 43. Kd2 Bg5+ 44. Ke2 Rh2 45. Kf3 Bc1 46. Nc5 Bxb2 47. Nxe6+ Kg8 48. Nf4 Bxe5 49. Nxg6 Bc7 50. Bd4 Rh1 51. Kg2 Rd1 52.
Bc3 b2 53. Bxb2 Rd2+ 54. Kh3 Rxb2 55. Kh4 Kg7 56. Ne7 Rh2+ 57. Kg5 d4 58. Nf5+ Kf7 59.
Nxd4 Bd8+ 60. Kf5 h4 61. Kg4 Rg2+ 62. Kh3 Ra2 63. Nf5 Ra3+ 64. Kg2 Kg6 65. Nd6 Bf6 66.
Ne4 Kf5 67. Nc5 Kg4 68. Ne4 Ra2+ 69. Kf1 Be5 70. Ke1 Kf4 71. Nf2 Kg3 72. Nd3 1/2-1/2

[Event "*** SCC Grand Prix: Titled Tuesday Blitz"]
[Site "Chess.com"]
[Date "2020.08.04"]
[Round "3"]
[White "Artem_Sadovsky"]
[Black "Sashadav97"]
[Result "1/2-1/2"]
[WhiteElo "2399"]
[BlackElo "2586"]
[TimeControl "180+1"]
[EndTime "14:14:16 PDT"]
[Termination "Game drawn by stalemate"]

1. Nf3 d5 2. g3 Nf6 3. Bg2 c6 4.
O-O Bg4 5. b3 e6 6. Bb2 Nbd7 7.
c4 Bd6 8. d3 O-O 9. Nbd2 Re8 10. Qc2 Qe7 11. Rad1 Rad8 12. Rfe1 e5 13. cxd5 cxd5 14.
e4 d4 15. h3 Bh5 16. Rc1 Ba3 17.
Bxa3 Qxa3 18. Nc4 Qe7 19. Na5 Nb6 20. Qc5 Rd7 21. g4 Bg6 22. Qxe7 Rexe7 23. Rc5 Rc7 24. Rec1 Rxc5 25. Rxc5 Nfd7 26. Rc7 f6 27. Nxb7 Kf8 28. a4 Nb8 29. Rxe7 Kxe7 30. Nd2 Kd7 31. Na5 Bf7 32. Nac4 Nc6 33. Bf1 Kc7 34. h4 Nb4 35. a5 Nd7 36. g5 Nc5 37. gxf6 gxf6 38. f4 Nbxd3 39. fxe5 Nxe5 40. b4 Nxc4 41. Bxc4 Bxc4 42. bxc5 Bd3 43. Nf3 Bxe4 44. Nxd4 f5 45. Kf2 f4 46. Ne6+ Kc6 47. Nxf4 Kxc5 48. Ke3 Bf5 49. Nh5 Kb5 50. Kf4 Bc2 51. Nf6 Kxa5 52. Ke3 Kb4 53. Kd2 Bf5 54.
Kc1 a5 55. Kb2 h6 56. Ng8 h5 57. Nf6 Bg6 58. Nxh5 Bxh5 59. Ka1 Be8 60. Kb1 a4 61. Ka1 Kc4 62. Kb1 Kd4 63. Ka1 Ke5 64. Kb1 Kf5 65.
Ka1 Kg4 66. Kb1 Kxh4 67. Ka1 Kg4 68. Kb1 Kf4 69. Ka1 Ke4 70. Kb1 Kd4 71. Ka1 Kc4 72.
Kb1 Kb3 73. Ka1 Ka3 74. Kb1 Bf7 75. Ka1 Ba2 1/2-1/2

[Event "*** SCC Grand Prix: Titled Tuesday Blitz"]
[Site "Chess.com"]
[Date "2020.08.04"]
[Round "3"]
[White "Gareth-Bale11"]
[Black "Firouzja2003"]
[Result "1-0"]
[WhiteElo "2774"]
[BlackElo "3017"]
[TimeControl "180+1"]
[EndTime "14:14:19 PDT"]
[Termination "Gareth-Bale11 won on time"]

1. d4 Nf6 2. c4 g6 3. Nc3 d6 4. e4 Bg7 5. Be2 O-O 6. Be3 e5 7. d5 a5 8. g4 Na6 9. h4 Nc5 10. f3 h5 11. g5 Nh7 12. Qd2 f6 13. gxf6 Bxf6 14. O-O-O Bxh4 15. Nh3 Kh8 16. Rdg1 Bxh3 17. Rxg6 Bd7 18. Rh6 Rf7 19. Rxh5 Bf6 20. Bf1 Qe7 21. Qh2 b6 22. Kc2 Rg8 23. Bh3 Bxh3 24. Qxh3 Qd7 25.
Rf5 Bd8 26. Qh5 Rfg7 27. Rh2 Qe8 28. Qh3 Nd7 29. Rh5 Nf6 30. Rh6 Qf7 31. Kb3 Qd7 32. Qf1 Qf7 33. Qh3 Nd7 34. a3 Nf8 35. Ne2 Bg5 36. Bxg5 Rxg5 37. Kc3 R8g6 38. Rh4 Rg7 39.
Kb3 Kg8 40. Ka2 R5g6 41. Rh5 Rf6 42. Nc3 Rxf3 43. Qc8 Rf4 44. Rh6 Rgg4 45. Rxh7 Qxh7 46. Rxh7 Kxh7 47. Qxc7+ Rg7 48. Qxd6 Nd7 49. Qe6 Rf6 50. Qh3+ Kg8 51. b4 axb4 52. axb4 Nf8 53. Kb3 Rfg6 54. Qf5 Rg3 55. c5 bxc5 56. bxc5 Re3 57. Kc4 Rgg3 58. Nb5 Re1 59. d6 Rc1+ 60. Kd5 Rd1+ 61. Kc6 Rc1 62. Nc7 Rgc3 63. Ne6 Nxe6 64. Qxe6+ Kf8 65. Qxe5 1-0

[Event "*** SCC Grand Prix: Titled Tuesday Blitz"]
[Site "Chess.com"]
[Date "2020.08.04"]
[Round "3"]
[White "Lagmantr"]
[Black "VerdeNotte"]
[Result "1-0"]
[WhiteElo "2649"]
[BlackElo "2851"]
[TimeControl "180+1"]
[EndTime "14:14:22 PDT"]
[Termination "Lagmantr won by resignation"]

1. e4 e5 2. Nf3 Nc6 3. Nc3 Nf6 4. Be2 d6 5. d4 Be7 6. dxe5 Nxe5 7. Nxe5 dxe5 8. Qxd8+ Bxd8 9. Be3 Be6 10. f3 c6 11.
O-O-O Bb6 12. Bxb6 axb6 13. b3 b5 14. a4 bxa4 15.
Nxa4 Nd7 16. Kb2 Ke7 17. Ra1 h5 18. h4 b5 19. Nc3 Kd6 20. g3 f6 21. Rhd1+ Kc7 22. Bf1 Nc5 23. Ne2 Kb7 24. Rxa8 Rxa8 25. Nc1 Kc7 26. Nd3 Nxd3+ 27. Bxd3 b4 28. Ra1 Rxa1 29. Kxa1 g5 30. Kb2 Kd6 31. c3 Kc5 32. Kc2 Bh3 33. Be2 Bg2 34. Kd2 Bh1 35. Kc2 g4 36. fxg4 Bxe4+ 37. Kd2 hxg4 38. Bxg4 bxc3+ 39. Kxc3 Bh7 40. h5 e4 41. h6 Kd5 42. Be2 f5 43. Bf1 Ke5 44. Kc4 Kf6 45. Kc5 Kg5 46. Kxc6 Kg4 47.
b4 Kxg3 48. b5 e3 49. b6 Kf2 50. b7 Kxf1 51. b8=Q e2 52. Qf4+ Kg2 53. Qe3 Kf1 54. Qf3+ Ke1 55. Kd5 Kd2 56. Qf4+ Kd3 57. Qd4+ Kc2 58.
Qe3 Kd1 59. Qd3+ Ke1 60. Kd4 Kf1 61. Qf3+ Kg1 62. Qxe2 f4 63. Qf3 Kh2 64. Qxf4+ Kh3 65. Qf7 Bb1 66. Qg7 1-0

[Event "*** SCC Grand Prix: Titled Tuesday Blitz"]
[Site "Chess.com"]
[Date "2020.08.04"]
[Round "3"]
[White "MVM2008"]
[Black "Filip_Covic"]
[Result "1-0"]
[WhiteElo "2216"]
[BlackElo "2353"]
[TimeControl "180+1"]
[EndTime "14:14:22 PDT"]
[Termination "MVM2008 won on time"]

1. e4 e6 2. d4 d5 3. c4 dxe4 4. Nc3 Nf6 5. f3 exf3 6. Nxf3 c5 7.
d5 exd5 8. cxd5 Bd6 9. Be2 O-O 10. O-O h6 11. Qe1 Re8 12. Qh4 Ng4 13. Qe1 a6 14. h3 Ne5 15. Qf2 Nxf3+ 16. Qxf3 f5 17. Bd3 Rf8 18. Bd2 b5 19. Rae1 b4 20. Ne2 Qf6 21. Nf4 Qd4+ 22. Kh1 Qxb2 23. Re2 Qf6 24. Ne6 Rf7 25.
Bxf5 g6 26. Bxg6 Qxg6 27. Qxf7+ Qxf7 28. Rxf7 Kxf7 29. Bxh6 Ra7 30. Nd8+ Kg6 31. Bd2 Re7 32. Ne6 Bxe6 33. dxe6 Kf5 34. g4+ Kg6 35. h4 c4 36.
h5+ Kh7 37. Bg5 Nc6 38. Bxe7 Bxe7 39. Re4 c3 40. Rc4 Ne5 41. Rc7 Kh6 42. Rxe7 c2 43. Rc7 Nxg4 44. e7 Nf6 45. Rxc2 Kg7 46. Re2 Kf7 47. h6 Ke8 48. Kg2 Nd5 49. Kg3 Nf6 50. Kf4 Nh7 51. Kf5 a5 52. Kg6 a4 53. Kxh7 b3 54.
axb3 a3 55. Kg7 a2 56. Rxa2 Kd7 57. h7 Ke6 58. h8=Q Kf5 59. Qf8+ Kg5 60. e8=Q Kh4 61.
Qe4+ 1-0

[Event "*** SCC Grand Prix: Titled Tuesday Blitz"]
[Site "Chess.com"]
[Date "2020.08.04"]
[Round "3"]
[White "amatatanav"]
[Black "JonahWillow"]
[Result "0-1"]
[WhiteElo "2431"]
[BlackElo "2681"]
[TimeControl "180+1"]
[EndTime "14:14:26 PDT"]
[Termination "JonahWillow won by resignation"]

1. e4 c5 2. Ne2 Nc6 3. Nbc3 g6 4. d4 cxd4 5. Nxd4 Bg7 6. Be3 Nf6 7. Nxc6 bxc6 8. e5 Nd5 9. Nxd5 cxd5 10. Qxd5 Rb8 11. O-O-O O-O 12. Bxa7 Rb4 13. c3 Ra4 14. Bd4 d6 15. a3 dxe5 16. Bxe5 Qb6 17. Bxg7 Kxg7 18.
Qe5+ Kg8 19. Qxe7 Bf5 20. Bd3 Qxf2 21. Rhf1 Qxg2 22. Bxf5 Raa8 23. Bc2 Rae8 24. Qf6 Re2 25. Bd3 Rxb2 26. Qf3 Qxh2 27. Qf4 Qg2 28. Qf3 Qh2 29. Qf4 Qg2 30. Rg1 Qf2 31. Qxf2 Rxf2 32. Rd2 Rf3 33. Rf1 Rg3 34. Kc2 Rc8 35. Re2 h5 36. Ref2 f5 37.
Rd2 h4 38. Rh1 g5 39. Rf2 f4 40. Re2 Rd8 41. Bf5 Kg7 42. Re5 Kf6 43. Rc5 Re8 44. Bh3 Re2+ 45. Kb3 Ree3 46. Rc6+ Ke7 47. Rc7+ Kd6 48.
Rd7+ Kc6 49. Bf5 Rxc3+ 50. Kb4 Rb3+ 51. Kc4 Rxa3 52. Kd4 Ra4+ 53. Ke5 Ra5+ 54. Kf6 Rxf5+ 55. Kxf5 Kxd7 56. Re1 Kd6 57. Rd1+ Kc5 58. Re1 Kd4 59. Rd1+ Ke3 60. Ra1 h3 61. Ra3+ Kd2 62. Ra2+ Kc3 63. Rh2 Kd3 64. Ra2 Kd4 65. Rd2+ Kc4 66. Ra2 Rg2 67.
Ra4+ Kb3 68. Ra1 h2 69. Rh1 Kc3 70. Rd1 Kc2 71. Rh1 Kd3 72. Rd1+ Ke3 73. Rh1 Kf3 0-1

[Event "*** SCC Grand Prix: Titled Tuesday Blitz"]
[Site "Chess.com"]
[Date "2020.08.04"]
[Round "3"]
[White "XDPS"]
[Black "MichailovM"]
[Result "1-0"]
[WhiteElo "2675"]
[BlackElo "2425"]
[TimeControl "180+1"]
[EndTime "14:14:29 PDT"]
[Termination "XDPS won by resignation"]

1. d4 Nf6 2. Bf4 g6 3. Nc3 d5 4. e3 Bg7 5. Be2 c6 6. Nf3 Bf5 7. O-O Nbd7 8. Ne5 O-O 9. h3 Qb6 10. Na4 Qa5 11. c3 Rac8 12. b4 Qd8 13. Nc5 Nxc5 14.
bxc5 Ne4 15. Qb3 f6 16. Nf3 b6 17. cxb6 Qxb6 18. c4 Qxb3 19. axb3 Nc3 20. Rfe1 Nxe2+ 21. Rxe2 Bd3 22. Rd2 dxc4 23. bxc4 Bxc4 24. Rxa7 Rf7 25. Rc2 Bd5 26. Nd2 e5 27. Rxf7 Kxf7 28. dxe5 fxe5 29.
Bg3 e4 30. Nc4 Ke6 31. Nb6 Rd8 32. Bc7 Rf8 33. Bg3 Rf7 34. Na4 Ra7 35. Nc5+ Kf7 36. Kh2 Ra3 37. Nb7 Ke6 38. Nd8+ Kd7 39. Nb7 Ra2 40.
Nc5+ Ke7 41. Rxa2 Bxa2 42. Nxe4 Bd5 43. Nc5 Bc3 44. e4 Bc4 45. Nb7 Bd4 46. Bd6+ Kd7 47.
Bc5 Be5+ 48. g3 g5 49. Kg2 Bd3 50.
Kf3 Ke6 51. Ke3 Bf1 52. f4 gxf4+ 53. gxf4 Bc7 54. h4 Ba6 55. f5+ Kd7 56. f6 Be5 57. f7 Bg7 58. Nd6 Ke6 59. Ne8 Kxf7 60. Nd6+ Ke6 61. Nf5 Be5 62. Kf3 Bd3 63. Ke3 Bc2 64. Kf3 Bd3 65. Ne3 Bb5 66. Ng4 Bf6 67. h5 Be5 68. h6 Bf6 69. Bf8 Be5 70. Bg7 Bc4 71. Bxe5 1-0